 Dungeon Crawl Stone Soup version 0.19-a0-414-g76fec5b (webtiles) character file.

109 Delvonshi the Conjurer (level 4, -3/30 HPs)
             Began as a Demonspawn Conjurer on May 31, 2016.
             Killed from afar by an orc wizard (14 damage)
             ... with a puff of flame
             ... on level 3 of the Dungeon.
             The game lasted 00:08:08 (2838 turns).

Delvonshi the Conjurer (Demonspawn Conjurer)        Turns: 2838, Time: 00:08:09

Health: -3/30      AC:  6    Str:  9    XL:     4   Next: 60%
Magic:  2/9        EV: 14    Int: 17    God:
Gold:   123        SH:  0    Dex: 13    Spells: 1 memorised, 8 levels left

rFire  . . .     SeeInvis .     p - +0 spear
rCold  . . .     Gourm    .     f - +2 leather armour {rPois}
rNeg   . . .     Faith    .     (no shield)
rPois  +         Spirit   .     (no helmet)
rElec  .         Dismiss  .     l - +0 cloak
rCorr  .         Reflect  .     (no gloves)
SustAt .         Harm     .     (no boots)
MR     .....     Rnd*Tele +     (no amulet)
Stlth  ++........               (no ring)
                                m - ring of teleportation (curse)

@: not resistant to hostile enchantments, unstealthy
A: repulsion field 2
a: no special abilities


You were on level 3 of the Dungeon.
You were very hungry.

You visited 1 branch of the dungeon, and saw 3 of its levels.

You collected 123 gold pieces.

Inventory:

Hand Weapons
 p - a +0 spear (weapon)
Missiles
 g - 15 tomahawks (quivered)
Armour
 a - a +0 robe
 f - a +2 leather armour of poison resistance (worn)
 l - a +0 cloak (worn)
Jewellery
 m - a cursed ring of teleportation (left hand)
Scrolls
 j - 3 scrolls of teleportation
 n - a scroll of immolation
 q - a scroll of random uselessness {unknown}
Potions
 e - 2 potions of cure mutation
 i - a potion of flight {unknown}
 o - 3 potions of brilliance {unknown}
Books
 b - a book of Conjurations

   Spells                             Type                      Level
   a - Magic Dart                     Conjuration                  1
   b - Searing Ray                    Conjuration                  2
   c - Dazzling Spray                 Conjuration/Hexes            3
   d - Fulminant Prism                Conjuration/Hexes            4
   e - Iskenderun's Mystic Blast      Conjuration                  4
   f - Iskenderun's Battlesphere      Conjuration/Charms           5
Comestibles
 c - a bread ration
 d - a fruit
 h - a beef jerky
 k - a meat ration


   Skills:
 - Level 1.7 Dodging
 - Level 1.7 Stealth
 + Level 3.4 Spellcasting
 + Level 5.1 Conjurations


You had 8 spell levels left.
You knew the following spells:

 Your Spells              Type           Power        Failure   Level  Hunger
a - Magic Dart            Conj           ###.         2%          1    None


Dungeon Overview and Level Annotations

Branches:
Dungeon (3/15)

Altars:
Trog


Innate Abilities, Weirdness & Mutations

You are surrounded by a moderate repulsion field. (EV +3)


Message History

You hear some strange, mumbled words.
A puff of flame appears from out of thin air!
The puff of flame hits you!
Casting: Magic Dart
Confirm with . or Enter, or press ? or * to list all spells.
You don't know that spell.
You hit something. Something barely misses you.
Unknown command.
Casting: Magic Dart
Confirm with . or Enter, or press ? or * to list all spells.
You don't know that spell.
Casting: Magic Dart
Confirm with . or Enter, or press ? or * to list all spells.
Aiming: Magic Dart
Press: ? - help, Shift-Dir - straight line The magic dart hits something.
You hear some strange, mumbled words.
A puff of flame appears from out of thin air!
The puff of flame hits you!
You die...

............ ###
#.........##########.# ##
#..................o.# #.
#.......#.####..####.###.
..............# #..o..
#######..#..###..(#########
.........................>.
#######.##...####.#######.#
........##@{......# #.#
######..####.###### ### #.#
##........#.. ..# #.#
#..##....#.# #.# #..
###.##....#.####.#####
....##....#...........
#...#........##......
#.#.#....###.#...##.#
#.#..................


There were no monsters in sight!

Vanquished Creatures
  An orc wizard (D:3)
  2 adders (D:2)
  An ooze (D:1)
  A worm (D:2)
  3 dart slugs
  A giant gecko (D:2)
  An orc (D:2)
  9 bats
  2 giant cockroaches (D:1)
  A goblin (D:2)
  5 hobgoblins
  7 jackals (D:2)
  2 quokkas (D:2)
  A ball python (D:3)
  A giant newt (D:2)
  6 kobolds
  12 rats
56 creatures vanquished.

Notes
Turn   | Place    | Note
--------------------------------------------------------------
     0 | D:1      | Delvonshi the Demonspawn Conjurer began the quest for the Orb.
     0 | D:1      | Reached XP level 1. HP: 13/13 MP: 3/3
   178 | D:1      | Gained mutation: You are surrounded by a mild repulsion field. (EV +2) [demonic ancestry]
   178 | D:1      | Reached XP level 2. HP: 13/19 MP: 5/5
  1044 | D:2      | Gained mutation: You are surrounded by a moderate repulsion field. (EV +3) [demonic ancestry]
  1044 | D:2      | Reached XP level 3. HP: 24/24 MP: 5/7
  1294 | D:2      | Noticed a moth of wrath
  1297 | D:2      | Found a bloodstained altar of Trog.
  1941 | D:2      | Reached skill level 5 in Conjurations
  1941 | D:2      | Reached XP level 4. HP: 30/30 MP: 3/8
  2838 | D:3      | Killed from afar by an orc wizard

Vault maps used:
D:1:      sevenhm_arrival_forest_fort_small_4, kennysheep_pointless_box
D:2:      tgw_trog, serial_bayou_pond_d, grunt_ministairs_11
D:3:      nicolae_ru_awakened_eye, overflow_temple_1_default, bloody_makhleb

Skill      XL: |  1  2  3 |
---------------+----------+-----
Spellcasting   | 3 |  3.4
Conjurations   | 5 |  5.1
Dodging        | |  1.7
Stealth        | |  1.7

Action                   |  1- 3 |  4- 6 || total
-------------------------+-------+-------++-------
Melee: Unarmed           |   120 |    10 ||   130
       Spear             |       |     4 ||     4
Throw: Tomahawk          |     7 |       ||     7
 Cast: Magic Dart        |    70 |    30 ||   100
  Use: Scroll            |     2 |     1 ||     3
 Stab: Sleeping          |     3 |       ||     3
  Eat: Chunk             |     3 |     2 ||     5
Armor: Leather armour    |    49 |     6 ||    55
Dodge: Dodged            |   140 |     7 ||   147
